Description

zvt

Replay - B2GM - ZvT - Diamond 1 - Game 1

Build Order

Get SALT Encoding   

  12  0:00  Drone  
  13  0:13  Overlord  
  13  0:18  Drone  
  14  0:31  Drone x2  
  16  0:37  Drone  
  17  0:53  Hatchery  
  16  0:59  Drone x2  
  18  1:15  Spawning Pool  
  18  1:16  Extractor  
  18  1:18  Drone x2  
  18  1:29  Drone  
  19  1:43  Overlord  
  20  2:04  Queen x2  
  20  2:07  Zergling x4  
  27  2:18  Metabolic Boost  
  34  2:59  Baneling Nest  
  34  3:04  Overlord  
  33  3:07  Hatchery  
  32  3:14  Zergling x6  
  32  3:19  Overlord  
  35  3:24  Zergling x10  
  50  3:59  Overlord  
  50  4:01  Baneling x9  
Spawning Tool Build Advisor. Get it on Overwolf

Go to:

Details

  • Created by: thenatsalisbury
  • Published on: Aug 03, 2020
  • Modified on: Aug 03, 2020
  • Patch: 4.11.0
  • Difficulty: Hard
Show
View Real Time Build Order
Export as new Build Order

Comments (0)

There are no comments. Be the first!

Create an account to comment!